 Dungeon Crawl Stone Soup version 0.28.0-45-g0d030f2227 (webtiles) character file.

Game seed: 8735487587582492114

263 McKennaii the Skirmisher (level 5, -4/42 HPs)
             Began as a Demonspawn Fighter on Apr 7, 2022.
             Slain by Eustachio
             ... wielding a +0 rapier
              (6 damage)
             ... on level 4 of the Dungeon.
             The game lasted 00:02:53 (3739 turns).

McKennaii the Skirmisher (Demonspawn Fighter)       Turns: 3739, Time: 00:02:54

Health: -4/42      AC: 10    Str: 18    XL:     5   Next: 97%
Magic:  5/5        EV:  9    Int:  9    God:
Gold:   80         SH:  5    Dex: 13    Spells: 4/4 levels left

rFire   . . .      SeeInvis .   r - +2 trident (vamp)
rCold   . . .      Faith    .   c - +0 buckler
rNeg    . . .      Spirit   .   b - +0 scale mail
rPois   .          Reflect  .   p - +0 helmet
rElec   .          Harm     .   k - +0 cloak
rCorr   .          Rampage  .   (no gloves)
Will    .....                   h - +0 pair of boots
Stlth   ..........              (no amulet)
HPRegen 0.14/turn               (no ring)
MPRegen 0.09/turn               (no ring)

@: no status effects
A: powered by pain 2
a: no special abilities


You were on level 4 of the Dungeon.
You visited 1 branch of the dungeon, and saw 4 of its levels.

You collected 249 gold pieces.
You spent 169 gold pieces at shops.

Inventory:

Hand Weapons
 r - a +2 vampiric trident (weapon)
Armour
 b - a +0 scale mail (worn)
 c - a +0 buckler (worn)
 h - a +0 pair of boots (worn)
 k - a +0 cloak (worn)
 p - a +0 helmet (worn)
Wands
 m - a wand of paralysis (3)
Scrolls
 a - a scroll of amnesia {unknown}
 e - 2 scrolls of identify {unknown}
 g - 3 scrolls of immolation {unknown}
 i - a scroll of acquirement {unknown}
 o - a scroll of magic mapping {unknown}
 q - a scroll of holy word {unknown}
 s - a scroll of teleportation {unknown}
Potions
 d - 4 potions of might
 f - a potion of heal wounds {unknown}
 j - a potion of ambrosia {unknown}
 l - 2 potions of berserk rage {unknown}
 n - 3 potions of attraction {unknown}


   Skills:
 + Level 4.2 Fighting
 + Level 3.2 Polearms
 + Level 3.8 Armour
 + Level 3.8 Shields


You had 4 spell levels left.
You didn't know any spells.
Your spell library contained the following spells:

 Spells                   Type           Power      Damage    Failure   Level
 Beastly Appendage        Tmut           0%         N/A       86%         1
 Wereblood                Tmut           0%         N/A       94%         2
 Call Canine Familiar     Summ           0%         N/A       99%         3
 Portal Projectile        Hex/Tloc       0%         N/A       99%         3
 Spider Form              Tmut/Pois      0%         N/A       99%         3
 Leda's Liquefaction      Hex/Erth       0%         N/A       100%        4
 Summon Mana Viper        Hex/Summ       0%         N/A       100%        5
 Spellforged Servitor     Conj/Summ      0%         N/A       100%        7
 Summon Horrible Things   Summ           0%         N/A       100%        8


Dungeon Overview and Level Annotations

Branches:
Dungeon (4/15)
 Temple: D:4-7

Altars:
Ashenzari
Dithmenos
Gozag
Zin

Shops:
D:4 (

Annotations:
D:4 1 transporter, Eustachio; maxonian's ghost, amateur OpTm


Innate Abilities, Weirdness & Mutations

You sometimes gain power by taking damage.


Message History

Eustachio closely misses you. The white imp hits you.
The white imp freezes you.
You hit Eustachio but do no damage.
Eustachio is heavily wounded.
Eustachio hits you but does no damage.
The white imp hits you but does no damage.
You puncture Eustachio!
You feel better.
Eustachio is severely wounded.
Eustachio mumbles some strange words.
The white imp hits you but does no damage.
You closely miss Eustachio.
Eustachio is severely wounded.
The bat closely misses you. The bat hits you but does no damage.
Eustachio hits you but does no damage. You block the white imp's attack.
Eustachio hits you with a +0 rapier.
You hit Eustachio but do no damage.
Eustachio is severely wounded.
The bat hits you but does no damage. x2; The white imp hits you.
The white imp freezes you. Eustachio hits you with a +0 rapier!
* * * LOW HITPOINT WARNING * * *
The bat barely misses you.
The white imp shouts, "Run away, thou pecksniffian ill-nurtured measle!"
The white imp hits you.
* * * LOW HITPOINT WARNING * * *
The white imp freezes you.
* * * LOW HITPOINT WARNING * * *
Unknown command.
Unknown command.
You hit Eustachio.
Eustachio is almost dead.
You block the bat's attack. x2; Eustachio hits you with a +0 rapier.
* * * LOW HITPOINT WARNING * * *
The white imp hits you but does no damage.
Unknown command.
Unknown command.
You hit Eustachio but do no damage.
Eustachio is almost dead.
You block the bat's attack. The bat closely misses you.
Eustachio hits you with a +0 rapier.
You die...

#.......#.......###..†....
##......##........####....
#.......##..........#####
#.........###.............
..#......## ###..........(
. #......## ######......
#...##..# ..####### ##..
##5## ......# #.# #@b#
......# #. ##@##
###.....## #55###.........
#rb.....#####.. #......##
#......## #..##....# ..##
####.# .. #.#


You could see Eustachio, 2 white imps, an ufetubus (summoned), 2 bats and a rat
(summoned).

Vanquished Creatures
  A hound (D:4)
  An orc priest (D:4)
  A bullfrog skeleton (D:4)
  10 adders
  2 worms (D:3)
  3 dart slugs
  6 orcs
  7 bats
  7 endoplasms
  A giant cockroach (D:2)
  6 goblins
  4 hobgoblins
  5 quokkas
  9 ball pythons
  5 kobolds
  5 rats
73 creatures vanquished.

Vanquished Creatures (others)
  A plant (D:1)
1 creature vanquished.

Grand Total: 74 creatures vanquished

Notes
Turn   | Place    | Note
-------+----------+-------------------------------------------
     0 | D:1      | McKennaii the Demonspawn Fighter began the quest for the
                  | Orb.
     0 | D:1      | Reached XP level 1. HP: 18/18 MP: 1/1
   314 | D:1      | Gained mutation: You sometimes gain a little power by
                  | taking damage. [demonic ancestry]
   314 | D:1      | Reached XP level 2. HP: 22/24 MP: 2/2
   417 | D:1      | Found a faded altar of an unknown god.
  1367 | D:2      | Reached XP level 3. HP: 29/29 MP: 3/3
  1778 | D:2      | Gained mutation: You sometimes gain power by taking damage.
                  | [demonic ancestry]
  1778 | D:2      | Reached XP level 4. HP: 7/36 MP: 4/4
  2709 | D:3      | Found a broken altar of Ashenzari.
  3259 | D:4      | Found Plog's Antique Weapon Shoppe.
  3262 | D:4      | Bought a runed trident for 169 gold pieces
  3325 | D:4      | Noticed an ogre
  3325 | D:4      | Noticed maxonian's ghost (amateur OpTm)
  3326 | D:4      | Found a transporter.
  3352 | D:4      | Reached XP level 5. HP: 34/42 MP: 5/5
  3371 | D:4      | Found a shadowy altar of Dithmenos.
  3458 | D:4      | Found an opulent altar of Gozag.
  3471 | D:4      | Reached skill level 4 in Fighting
  3593 | D:4      | Got the Compendium of Illusion
  3709 | D:4      | Noticed Eustachio
  3738 | D:4      | HP: 2/42 [Eustachio/+0 rapier (3)]
  3739 | D:4      | Slain by Eustachio

Illustrated notes

Levels and vault maps discovered:
D:1:      dpeg_arrival_fog, layout_loops_ring, ebering_ecumenical_altar_webs,
          serial_forest, infiniplex_forest_lined_3_way,
          infiniplex_forest_lined_corner, infiniplex_forest_lined_3_way,
          infiniplex_forest_clump_small, infiniplex_forest_end_3,
          infiniplex_forest_straight_3, infiniplex_forest_clump_diagonal,
          infiniplex_forest_zigzag_2, infiniplex_forest_straight_4,
          chequers_serial_rivers_small_3
D:2:      layout_loops_ring
D:3:      layout_loops_corners, jmf_multi_god_temple
D:4:      kennysheep_spiral_hall, layout_layer_cave,
          mainiacjoe_overflow_surrounded_room,
          mainiacjoe_overflow_large_starburst, serial_shops,
          nicolae_shop_hallway_stairs, gammafunk_ghost_smash,
          dk_rats_in_the_wall, uniq_eustachio

Skill      XL: |  1  2  3  4  5 |
---------------+----------------+-----
Polearms       | 2 3 |  3.2
Armour         | 3 |  3.8
Shields        | 3 |  3.8
Fighting       | 4 |  4.2

Action                   |  1- 3 |  4- 6 || total
-------------------------+-------+-------++-------
Melee: Trident           |    95 |   151 ||   246
Armor: Scale mail        |    34 |    70 ||   104
Dodge: Dodged            |    31 |    63 ||    94
Block: Buckler           |    10 |    34 ||    44
